 Dungeon Crawl Stone Soup version 0.27-a0-811-ga052575696 (webtiles) character file.

Game seed: 12478248618948051687

204 EnegeticOcto the Ruffian (level 5, -3/40 (53) HPs)
             Began as a Troll Warper on Mar 29, 2021.
             Slain by Edmund
             ... wielding a +4 flail of draining
              (10 damage)
             ... on level 4 of the Dungeon.
             The game lasted 00:02:08 (399 turns).

EnegeticOcto the Ruffian (Troll Warper)              Turns: 399, Time: 00:02:08

HP:   -3/40 (53)    AC:  4    Str: 19    XL:     5   Next: 52%
MP:   5/5           EV:  9    Int: 10    God:
Gold: 33            SH:  0    Dex:  9    Spells: 6/6 levels left

rFire    . . .     SeeInvis .     - Unarmed
rCold    . . .     Faith    .   (no shield)
rNeg     . . .     Spirit   .   a - +0 robe
rPois    .         Reflect  .   (helmet restricted)
rElec    .         Harm     .   (no cloak)
rCorr    .         Rampage  .   (gloves unavailable)
Will     .....                  (boots unavailable)
Stlth    +.........             (no amulet)
HPRegen  1.13/turn              (no ring)
MPRegen  0.09/turn              (no ring)

@: heavily drained
A: large, unfitting armour, claws 3, regeneration 1, shaggy fur 1, tough skin 1
a: no special abilities


You were on level 4 of the Dungeon.
You visited 1 branch of the dungeon, and saw 4 of its levels.

You collected 33 gold pieces.

Inventory:

Missiles
 d - 5 boomerangs of dispersal
 k - 17 poisoned darts (quivered)
Armour
 a - a +0 robe (worn)
Scrolls
 b - 4 scrolls of identify {unknown}
 c - a scroll of blinking {@r4}
 e - a scroll of noise {unknown}
 g - a scroll of fog {unknown}
 h - a scroll of teleportation {unknown}
 i - a scroll of amnesia {unknown}


   Skills:
 + Level 3.0 Fighting
 - Level 0.8 Throwing
 - Level 1.9 Dodging
 * Level 4.9 Unarmed Combat
 - Level 1.2 Spellcasting
 - Level 2.1 Translocations


You had 6 spell levels left.
You didn't know any spells.
Your spell library contained the following spells:

 Spells                   Type           Power      Damage    Failure   Level
 Blink                    Tloc           N/A        N/A       21%         2
 Gell's Gravitas          Tloc           2%         N/A       38%         3
 Lesser Beckoning         Tloc           2%         N/A       38%         3
 Teleport Other           Tloc           5%         N/A       38%         3
 Confusing Touch          Hex            0%         N/A       71%         3
 Petrify                  Tmut/Erth      0%         N/A       98%         4
 Manifold Assault         Tloc           5%         N/A       98%         5
 Metabolic Englaciation   Hex/Ice        0%         N/A       100%        5
 Yara's Violent Unravell  Hex/Tmut       0%         3d3       100%        5


Dungeon Overview and Level Annotations

Branches:
Dungeon (4/15)
 Temple: D:4-7

Altars:
Sif Muna

Annotations:
D:4 Edmund


Innate Abilities, Weirdness & Mutations

You are too large for most types of armour.
You have claws for hands.
Your natural rate of healing is unusually fast.
You are covered in fur. (AC +1)
You have tough skin. (AC +1)


Message History

No target in view!
No target in view!
No target in view!
No target in view!
No target in view!
No target in view!
No target in view!
No target in view!
No target in view!
No target in view!
No target in view!
No target in view!
No target in view!
No target in view!
No target in view!
No target in view!
k - 20 poisoned darts (gained 11)
Press: ? - help, v - describe, . - travel, g - get item
Items here: a +0 club; a scroll labelled RUAPAN SULAEGASO.
The floor, spattered with blood.
b - 4 scrolls labelled RUAPAN SULAEGASO (gained 1)
You see here a +0 club.
You open the door.
Edmund the Younger comes into view.
He is wielding a +4 flail of draining.
Edmund shouts!
There is an open door here.
You aren't carrying any items that you can evoke.
Throw: 20 darts (poison)
Press: ? - help, Q - select action, (/) - cycle Shift-Dir - straight line, f - Edmund
Aim: Edmund, wielding a +4 flail of draining and wearing a +0 ring mail (58% to hit)
You throw a poisoned dart. The poisoned dart barely misses Edmund.
A hobgoblin comes into view.
Throw: 19 darts (poison)
Press: ? - help, Q - select action, (/) - cycle Shift-Dir - straight line, f/p - Edmund
Aim: Edmund, wielding a +4 flail of draining and wearing a +0 ring mail (58% to hit)
You throw a poisoned dart. The poisoned dart hits Edmund.
Throw: 18 darts (poison)
Press: ? - help, Q - select action, (/) - cycle Shift-Dir - straight line, f/p - Edmund
Aim: Edmund, wielding a +4 flail of draining and wearing a +0 ring mail (58% to hit)
You throw a poisoned dart. The poisoned dart hits Edmund.
Edmund is poisoned.
Edmund grinds his teeth, and then sighs.
You closely miss Edmund. Edmund completely misses you.
You closely miss Edmund.
Edmund is lightly wounded.
Edmund completely misses you.
You closely miss Edmund.
Edmund is lightly wounded.
Edmund hits you with a +4 flail of draining!
You feel drained.
You claw Edmund!
Edmund is moderately wounded.
You completely miss Edmund.
Edmund is moderately wounded.
Edmund hits you with a +4 flail of draining!
You feel drained.
You are too injured to fight recklessly!
You are too injured to fight recklessly!
You are too injured to fight recklessly!
You are too injured to fight recklessly!
You are too injured to fight recklessly!
You are too injured to fight recklessly!
You are too injured to fight recklessly!
You are too injured to fight recklessly!
You are too injured to fight recklessly!
You are too injured to fight recklessly!
You are too injured to fight recklessly!
You are too injured to fight recklessly!
You are too injured to fight recklessly!
You are too injured to fight recklessly!
You closely miss Edmund.
Edmund is moderately wounded.
Edmund hits you with a +4 flail of draining!
You feel drained.
* * * LOW HITPOINT WARNING * * *
You claw Edmund!
Edmund is heavily wounded.
Edmund hits you with a +4 flail of draining!
* * * LOW HITPOINT WARNING * * *
You feel drained.
It was a potion of heal wounds.
You feel much better.
Edmund looks more healthy.
Edmund hits you with a +4 flail of draining.
You feel drained.
It was a potion of curing.
You feel better.
Edmund hits you with a +4 flail of draining!
You feel drained.
You closely miss Edmund. Your claw misses Edmund.
Edmund is severely wounded.
Edmund hits you with a +4 flail of draining!
* * * LOW HITPOINT WARNING * * *
You feel drained.
* * * LOW HITPOINT WARNING * * *
You barely miss Edmund.
Edmund is severely wounded.
Edmund barely misses you.
You scratch Edmund but do no damage.
Edmund is severely wounded.
Edmund says, "People think my brother is the best.
I think he's crazy."
Edmund hits you with a +4 flail of draining!
You die...

###########
.............# ..
#.....#.#
.#.###.....#.######
...........@.......
##.##.....#@######
#..#.....#g#
#.#))...#(#
#..######(# ##)##
.. #).# .# ##)## .#
#.)#


You could see Edmund and a hobgoblin.

Vanquished Creatures
  Menkaure (D:4)
  A jelly (D:4)
  A hound skeleton (D:4)
  Robin (D:4)
  An ufetubus (D:4)
  A worm (D:4)
  An orc (D:3)
  A ball python (D:3)
  2 endoplasms (D:1)
  2 giant cockroaches (D:1)
  12 goblins
  3 hobgoblins
  4 frilled lizards
  A kobold (D:1)
32 creatures vanquished.

Vanquished Creatures (others)
  A plant (D:3)
1 creature vanquished.

Grand Total: 33 creatures vanquished

Notes
Turn   | Place    | Note
-------+----------+-------------------------------------------
     0 | D:1      | EnegeticOcto the Troll Warper began the quest for the Orb.
     0 | D:1      | Reached XP level 1. HP: 19/19 MP: 1/1
    64 | D:1      | Reached XP level 2. HP: 25/28 MP: 2/2
   187 | D:4      | Reached skill level 2 in Fighting
   216 | D:4      | Reached skill level 3 in Unarmed Combat
   216 | D:4      | Reached XP level 3. HP: 35/35 MP: 3/3
   288 | D:4      | Noticed Menkaure
   295 | D:4      | Killed Menkaure
   296 | D:4      | Reached skill level 4 in Unarmed Combat
   296 | D:4      | Reached XP level 4. HP: 7/44 MP: 4/4
   296 | D:4      | Reached XP level 5. HP: 8/52 MP: 5/5
   305 | D:4      | Found a shimmering blue altar of Sif Muna.
   343 | D:4      | Noticed Robin
   353 | D:4      | Killed Robin
   354 | D:4      | Reached skill level 3 in Fighting
   384 | D:4      | Noticed Edmund
   394 | D:4      | HP: 1/48 [Edmund/+4 flail of draining (13)]
   399 | D:4      | Slain by Edmund

Illustrated notes

Levels and vault maps discovered:
D:1:      mrwooster_arrival_statue, layout_loops_ring, serial_shops,
          nicolae_shop_behind_doors
D:2:      layout_basic
D:3:      layout_loops_ring, chequers_temple_overflow_minitemple,
          guppyfry_early_lair_pool
D:4:      layout_basic, grunt_temple_overflow_holy_war,
          nicolae_sif_muna_condensation, minmay_misc_feat_x, uniq_menkaure,
          uniq_edmund, uniq_robin

Skill      XL: |  1  2  3  4  5 |
---------------+----------------+-----
Fighting       | 2 3 |  3.0
Unarmed Combat | 3 4 |  4.9
Throwing       | |  0.8
Dodging        | |  1.9
Spellcasting   | |  1.2
Translocations | |  2.1

Action                   |  1- 3 |  4- 6 || total
-------------------------+-------+-------++-------
Melee: Unarmed           |    55 |    40 ||    95
       Punch             |     1 |       ||     1
Throw: Dart              |       |     3 ||     3
  Use: Potion            |       |     2 ||     2
Armor: Robe              |    18 |     8 ||    26
Dodge: Dodged            |    20 |    18 ||    38

Table legend: (Time is in decaauts)
 A = Elapsed time spent in this place.
 B = Non-inter-level travel time spent in this place.
 C = Inter-level travel time spent in this place.
 D = Time resting spent in this place.
 E = Time spent auto-exploring this place.
 F = Levels seen in this place.
 G = Mean time per level.
                   A        B        C        D        E       F      G
               +--------+--------+--------+--------+--------+-----+--------+
         Total |    399 |    385 |     14 |      0 |      0 |   4 |   99.8 |
       Dungeon |    399 |    385 |     14 |      0 |      0 |   4 |   99.8 |
               +--------+--------+--------+--------+--------+-----+--------+

Top non-repeatable levels by time:
     D:4: 165 daAuts
     D:3: 129 daAuts
     D:1: 72 daAuts
     D:2: 32 daAuts
